 Dungeon Crawl Stone Soup version 0.28.0 (webtiles) character file.

Game seed: 11239001315855766057

1372 AmazingTV the Covert (level 8, -2/42 HPs)
             Began as a Spriggan Brigand on June 23, 2022.
             Was a Follower of Okawaru.
             Succumbed to a kobold brigand's curare-tipped dart
             ... on level 6 of the Dungeon.
             The game lasted 00:27:23 (7983 turns).

AmazingTV the Covert (Spriggan Brigand)             Turns: 7983, Time: 00:27:23

Health: -2/42      AC:  2    Str: 16    XL:     8   Next: 38%
Magic:  1/11       EV: 20    Int: 13    God:    Okawaru [*.....]
Gold:   240        SH:  0    Dex: 18    Spells: 9/9 levels left

rFire   + . .      SeeInvis +   a - +2 dagger
rCold   + . .      Faith    .   (no shield)
rNeg    . . .      Spirit   +   g - +0 robe
rPois   .          Reflect  .   (helmet restricted)
rElec   .          Harm     .   n - scarf {rC+ rF+}
rCorr   +          Rampage  .   (gloves unavailable)
Will    +....                   (boots unavailable)
Stlth   ++++......              x - amulet of guardian spirit
HPRegen 0.14/turn               t - ring "Sidusoti" {rCorr Str+3 SInv}
MPRegen 0.12/turn               u - +6 ring of strength

@: lethally poisoned (-2 -> -14), slowed, quick
A: very small, no large weapons, unfitting armour, see invisible, speed 3
a: Renounce Religion, Heroism


You were on level 6 of the Dungeon.
You worshipped Okawaru.
Okawaru was aware of your devotion.
You visited 1 branch of the dungeon, and saw 6 of its levels.
You also visited: Ossuary.

You collected 435 gold pieces.
You spent 195 gold pieces at shops.

Inventory:

Hand Weapons
 a - a +2 dagger (weapon)
 b - a +0 hunting sling
Missiles
 d - 8 poisoned darts (quivered)
 e - 2 curare-tipped darts
 k - 65 sling bullets
 l - 66 stones
 s - 18 arrows
Armour
 c - a +0 cloak
 g - a +0 robe (worn)
 n - a scarf of resistance (worn)
Magical Staves
 f - a staff of poison
Jewellery
 t - the ring "Sidusoti" (left hand) {rCorr Str+3 SInv}
   (You found it on level 4 of the Dungeon)

   [ring of see invisible]

   Str:       It affects your strength (+3).
   SInv:      It lets you see invisible.
   rCorr:     It protects you from acid and corrosion.
 u - a +6 ring of strength (right hand)
 x - an amulet of guardian spirit (around neck)
Wands
 m - a wand of polymorph (13)
 G - a wand of acid (9)
 I - a wand of iceblast (6)
Scrolls
 p - 3 scrolls of enchant weapon {unknown}
 q - 3 scrolls of teleportation {unknown}
 r - 2 scrolls of identify {unknown}
 w - a scroll of noise {unknown}
 y - a scroll of magic mapping {unknown}
 B - 3 scrolls of vulnerability {unknown}
 D - a scroll of brand weapon {unknown}
 H - 2 scrolls of fog {unknown}
Potions
 h - a potion of flight {unknown}
 i - 5 potions of curing
 j - a potion of lignification {unknown}
 o - a potion of ambrosia {unknown}
 v - 2 potions of brilliance {unknown}
 z - a potion of magic {unknown}
 A - 2 potions of heal wounds
 C - a potion of resistance {unknown}
 E - a potion of berserk rage {unknown}
 F - a potion of mutation {unknown}


   Skills:
 + Level 4.0 Fighting
 + Level 5.4 Short Blades
 + Level 3.1(4.4) Slings
 - Level 3.8(4.2) Throwing
 + Level 5.9 Dodging
 + Level 9.1 Stealth
 + Level 1.4 Spellcasting
 + Level 1.7 Evocations


You had 9 spell levels left.
You didn't know any spells.
Your spell library contained the following spells:

 Spells                   Type           Power      Damage    Failure   Level
 Hailstorm                Conj/Ice       0%         3d3       95%         4
 Ice Form                 Ice/Tmut       0%         N/A       95%         4
 Olgreb's Toxic Radiance  Pois           0%         N/A       95%         4
 Ozocubu's Refrigeration  Ice            0%         4d5       100%        7
 Ignition                 Fire           0%         3d3       100%        8
 Simulacrum               Ice/Necr       Unusable   N/A       N/A         6

Dungeon Overview and Level Annotations

Branches:
Dungeon (6/15)             Temple (0/1) D:5         Ossuary (visited)

Altars:
Kikubaaqudgha
Makhleb
Okawaru
Wu Jian

Shops:
D:3 (   D:6 !?

Annotations:
D:3 3 runed translucent doors, Skilfsilihog's ghost, amateur MiFi


Innate Abilities, Weirdness & Mutations

You are very small and have problems with some larger weapons.
You are too small for most types of armour.
You have supernaturally acute eyesight. (SInv)
You cover ground extremely quickly. (Speed+++)


Message History

The kobold brigand is severely wounded.
The kobold brigand barely misses you.
You hit the kobold brigand but do no damage.
The kobold brigand is severely wounded.
The kobold brigand hits you with a +0 club.
You barely miss the kobold brigand.
The kobold brigand is severely wounded.
You are too injured to fight recklessly!
The kobold brigand throws a curare-tipped dart.
The curare-tipped dart hits you.
You are poisoned.
You have difficulty breathing.
* * * LOW HITPOINT WARNING * * *
You feel yourself slow down.
* * * LOW HITPOINT WARNING * * *
You feel very sick.
You start resting.
* * * LOW HITPOINT WARNING * * *
You feel sick.
* * * LOW HITPOINT WARNING * * *
You feel sick.
* * * LOW HITPOINT WARNING * * *
You feel sick.
* * * LOW HITPOINT WARNING * * *
You feel sick.
* * * LOW HITPOINT WARNING * * *
You feel sick.
The kobold brigand throws a curare-tipped dart.
The curare-tipped dart completely misses you.
* * * LOW HITPOINT WARNING * * *
You feel sick.
* * * LOW HITPOINT WARNING * * *
You feel sick.
You are no longer poisoned.
The kobold brigand throws a curare-tipped dart.
The curare-tipped dart hits you.
You are lethally poisoned!
You have difficulty breathing.
You feel as though you will be slow longer.
You die...

#.......... #.#......$#
#.......... ##K#.#.#.#.# ##
#..###.#!... .# ##############
#.## ......
.####....##......#####K######....
..........+......................
.###.....##.....@##########......
....^........)...')(.............
.#.#.######....))##########......
##.#.# #......).# ###....
...#.#### #######..# #....
........# #..# #...# ........#
#..# ##### ........# #.)#
......### ##..#


You could see a kobold brigand.

Vanquished Creatures
  Eustachio (D:4)
  2 water moccasins
  2 ogres
  A phantom (D:5)
  A bullfrog (D:6)
  A scorpion (D:6)
  A water moccasin skeleton (D:5)
  4 hounds
  A centaur zombie (D:5)
  A bullfrog skeleton (D:6)
  Crazy Yiuf (D:2)
  3 iguanas
  A jelly (D:5)
  A scorpion zombie (D:5)
  A killer bee zombie (D:3)
  8 mummies (Ossuary)
  6 adders
  4 worms
  A dart slug (D:3)
  2 orcs (D:4)
  7 ball pythons
  A bat zombie (D:5)
  7 endoplasms
  4 giant cockroaches
  10 goblins
  6 hobgoblins
  5 jackals
  7 quokkas
  4 bats
  4 frilled lizards
  2 gnoll zombies (Ossuary)
  3 hobgoblin zombies (Ossuary)
  9 kobolds
  2 kobold zombies (Ossuary)
  An orc zombie (Ossuary)
  4 rats
  2 rat zombies (D:5)
121 creatures vanquished.

Notes
Turn   | Place    | Note
-------+----------+-------------------------------------------
     0 | D:1      | AmazingTV the Spriggan Brigand began the quest for the Orb.
     0 | D:1      | Reached XP level 1. HP: 10/10 MP: 2/2
   141 | D:1      | Found a faded altar of an unknown god.
   181 | D:1      | Reached skill level 6 in Stealth
   200 | D:1      | Reached XP level 2. HP: 15/15 MP: 3/3
   852 | D:2      | Reached XP level 3. HP: 18/18 MP: 4/4
  1202 | D:2      | Found a runed translucent door.
  1203 | D:2      | Noticed Crazy Yiuf
  1239 | D:2      | Killed Crazy Yiuf
  1240 | D:2      | Reached XP level 4. HP: 22/23 MP: 5/5
  2263 | D:3      | Noticed an ogre
  2272 | D:3      | Killed an ogre
  2273 | D:3      | Reached XP level 5. HP: 27/27 MP: 6/6
  2318 | D:3      | Reached skill level 7 in Stealth
  2519 | D:3      | Found an iron altar of Okawaru.
  2532 | D:3      | Became a worshipper of Warmaster Okawaru
  2680 | D:3      | Found a runed translucent gate.
  2680 | D:3      | Found a runed translucent gate.
  2680 | D:3      | Found a runed translucent gate.
  3141 | D:3      | Noticed Skilfsilihog's ghost (amateur MiFi)
  3159 | D:3      | Found Gaufry's Weapon Shoppe.
  3298 | D:3      | Found a burning altar of Makhleb.
  3491 | D:4      | Reached XP level 6. HP: 32/32 MP: 7/7
  3508 | D:4      | Found an ornate altar of the Wu Jian Council.
  3621 | D:4      | Identified the ring "Sidusoti" {rCorr Str+3 SInv}
  3956 | D:4      | Noticed Eustachio
  3959 | D:4      | Killed Eustachio
  4942 | D:5      | Entered Level 5 of the Dungeon
  4971 | D:5      | Found a sand-covered staircase.
  4977 | Ossuary  | Entered an ossuary
  5149 | Ossuary  | Reached XP level 7. HP: 30/36 MP: 8/8
  5661 | D:5      | Reached skill level 8 in Stealth
  5733 | D:5      | Reached * piety under Okawaru
  5734 | D:5      | Reached skill level 1 in Slings
  5760 | D:5      | Found a staircase to the Ecumenical Temple.
  5822 | D:5      | Reached skill level 5 in Dodging
  6432 | D:5      | Reached skill level 5 in Short Blades
  6463 | D:5      | Found an ancient bone altar of Kikubaaqudgha.
  6534 | D:6      | Found Hescho's Distillery.
  6563 | D:6      | Reached XP level 8. HP: 42/42 MP: 9/9
  6598 | D:6      | Bought 2 potions of attraction for 78 gold pieces
  6598 | D:6      | Bought a potion of curing for 39 gold pieces
  6598 | D:6      | Bought a potion of degeneration for 13 gold pieces
  6598 | D:6      | Bought a potion of heal wounds for 65 gold pieces
  7252 | D:6      | Reached skill level 1 in Evocations
  7408 | D:6      | Found Xunuesi's Magic Scroll Shop.
  7413 | D:6      | Reached skill level 9 in Stealth
  7413 | D:6      | Reached skill level 1 in Spellcasting
  7978 | D:6      | HP: 2/42 [poisoned by a kobold brigand (curare-tipped
                  | dart)]
  7983 | D:6      | Succumbed to a kobold brigand's curare-tipped dart

Illustrated notes

Levels and vault maps discovered:
D:1:      mrwooster_arrival_statue_3, layout_loops_cross,
          hellmonk_ecumenical_altar_slurped_away, chequers_serial_rivers_marsh
D:2:      layout_loops_ring, uniq_crazy_yiuf_cottage
D:3:      layout_loops_ring, mainiacjoe_overflow_chevrons,
          kennysheep_okawaru_gauntlet, gammafunk_ghost_icy, serial_shops,
          shop_statue
D:4:      layout_loops_corners, mainiacjoe_overflow_alcove_4, uniq_eustachio
D:5:      layout_loops_ring, lemuel_zombie_altar_kikubaaqudgha,
          minmay_temple_entry_stoned_glass, nicolae_ossuary_entry_plus
D:6:      cheibrodos_thug_alley, layout_basic, serial_shops,
          nicolae_shop_waterfront, nicolae_shop_crystal, st_stairs_4

Skill      XL: |  1  2  3  4  5  6  7  8 |
---------------+-------------------------+-----
Stealth        | 6 7 8 9 |  9.1
Dodging        | 2 3 4 5 |  5.9
Fighting       | 2 3 4 |  4.0
Short Blades   | 3 4 5 |  5.4
Throwing       | 3 |  3.8
Slings         | 2 3 |  3.1
Evocations     | 1 |  1.7
Spellcasting   | 1 |  1.4

Action                   |  1- 3 |  4- 6 |  7- 9 || total
-------------------------+-------+-------+-------++-------
Melee: Dagger            |    73 |   179 |   162 ||   414
       Staff             |     2 |       |       ||     2
       Punch             |     1 |     3 |     3 ||     7
 Fire: Hunting sling     |       |    68 |    58 ||   126
Throw: Dart              |     5 |    19 |    13 ||    37
  Use: Potion            |       |       |     1 ||     1
 Stab: Sleeping          |    13 |    20 |     8 ||    41
       Distracted        |       |       |     2 ||     2
Armor: Robe              |    11 |    14 |    11 ||    36
Dodge: Dodged            |    44 |   114 |   125 ||   283
